 Dungeon Crawl Stone Soup version 0.31-a0-859-g9dce7d3444 (webtiles) character file.

Game seed: 9633717721759676342

203 croobank the Chiller (level 5, 0/38 HPs)
             Began as a Demonspawn Ice Elementalist on Oct 9, 2023.
             Was an Initiate of Gozag.
             Succumbed to their own poison gas
             ... on level 4 of the Dungeon.
             The game lasted 00:13:27 (3458 turns).

croobank the Chiller (Demonspawn Ice Elementalist)  Turns: 3458, Time: 00:13:28

Health: 0/38       AC:  3    Str:  8    XL:     5   Next: 51%
Magic:  0/9        EV: 12    Int: 19    God:    Gozag
Gold:   342        SH:  4    Dex: 13    Spells: 3/10 levels left

rFire   + . .        e - +0 dagger
rCold   + . .        (no shield)
rNeg    . . .        a - +0 robe
rPois   +            k - +0 helmet
rElec   +            (no cloak)
rCorr   +            (no gloves)
SInv    .            (no boots)
Will    .....        i - amulet of guardian spirit
Stlth   ++           (no ring)
HPRegen 0.26/turn    (no ring)
MPRegen 0.11/turn

%: guardian spirit
@: lethally poisoned (0 -> -6), resistant, gold aura, invisible
A: hooves 1, large bone plates 1, ignite blood 2
a: Renounce Religion, Potion Petition, Call Merchant, Bribe Branch


You were on level 4 of the Dungeon.
You worshipped Gozag.
Gozag was aware of your devotion.
You visited 1 branch of the dungeon, and saw 4 of its levels.

You collected 365 gold pieces.
You spent 23 gold pieces at shops.

Inventory:

Hand Weapons
 d - a +0 war axe
 e - a +0 dagger (weapon)
 f - a +1 mace of draining
Armour
 a - a +0 robe (worn)
 k - a +0 helmet (worn)
Magical Staves
 c - a staff of poison
Jewellery
 i - an amulet of guardian spirit (around neck)
Talismans
 g - a serpent talisman


   Skills:
 + Level 1.6 Fighting
 + Level 2.9 Dodging
 + Level 3.0 Stealth
 + Level 3.0 Spellcasting
 + Level 4.2 Ice Magic


You had 3 spell levels left.
You knew the following spells:

 Your Spells              Type           Power      Damage    Failure   Level
a - Freeze                Ice            76%        1d8       2%          1
b - Frozen Ramparts       Ice            38%        1d6       8%          3
c - Ozocubu's Armour      Ice            19%        N/A       8%          3

Your spell library contained the following spells:

 Spells                   Type           Power      Damage    Failure   Level
 Kiss of Death            Conj/Necr      8%         2d6       16%         1
 Call Canine Familiar     Summ           2%         N/A       41%         3
 Confusing Touch          Hex            2%         N/A       41%         3
 Sigil of Binding         Hex            2%         N/A       41%         3
 Summon Ice Beast         Ice/Summ       11%        N/A       54%         4
 Dimensional Bullseye     Hex/Tloc       1%         N/A       83%         4
 Dispel Undead            Necr           2%         3d7       83%         4
 Leda's Liquefaction      Hex/Erth       1%         N/A       83%         4


Dungeon Overview and Level Annotations

Branches:
Dungeon (4/15)
 Temple: D:4-7

Altars:
Fedhas
Gozag
Kikubaaqudgha
Nemelex Xobeh
Qazlal
Ru

Shops:
D:1 [*(::

Annotations:
D:3 Sigmund
D:4 Dowan, Duvessa


Innate Abilities, Weirdness & Mutations

You have large cloven feet.
You are partially covered in large bone plates. (SH +4)
Your demonic aura often causes spilled blood to erupt in flames.


Message History

The orc priest shouts!
You kick the orc priest.
The orc priest is almost dead.
The frozen ramparts melt away.
What are your orders? t - Shout!
Orders for allies: a - Attack new target. r - Retreat! s - Stop attacking. g - Guard the area. f - Follow me.
Anything else - Cancel.
Gang up on whom?
Press: ? - help, Dir - move target, f - Duvessa
Aim: Duvessa, wielding a +0 rapier, wearing a +0 leather armour and carrying a wand of flame (moderately wounded, wandering, unable to see you, hasn't noticed you)
Okay, then.
Your icy armour cracks and falls away as you move.
You are lethally poisoned!
* * * LOW HITPOINT WARNING * * *
x2 You feel very sick.
You feel protected.
* * * LOW HITPOINT WARNING * * *
You feel sick.
Press: ? - help, v - describe, . - travel The floor.
There is a cloud of poison gas here.
Press: ? - help, v - describe, . - travel The floor.
There is a cloud of poison gas here.
Unknown command.
Casting: Freeze (safe; 2% risk of failure)
Confirm with . or Enter, or press ? or * to list all spells.
Aiming: Freeze (safe; 2% risk of failure)
Press: ? - help, Shift-Dir - straight line, f/p - orc priest
Aim: an orc priest, wielding a +0 heavy hand axe and wearing a +0 chain mail (almost dead, unable to see you)
You freeze the orc priest!
You kill the orc priest!
* * * LOW HITPOINT WARNING * * *
You feel sick.
Your Spellcasting skill increases to level 3!
You die...
Your body crumbles into a pile of gold.

###....## ##
#○§○§§§○# #§°
.###§§○§☼§°#.○§#
..§§§§§○§§○#§°..#
..§☼○§☼§☼○°.☼.#○.
#..§○☼☼☼°°☼#°○☼#
##...§☼○§#§§§#
#....#§☼°§# .
#..###☼@#...#
..#.#.§○§.§#...#
......°§#§#§☼§#..
# ...##§.§°e#§§○#
.#. ☼#.§#.§ #§. #
.§..☼§.#o #
.☼...°# .§#
...#.... .


You could see Duvessa (unable to see you) and an orc (unable to see you).

Vanquished Creatures
  The ghost of Kurtz the Sneak, a weakling NaDe (D:3)
  An orc priest (D:4)
  6 adders
  A worm (D:2)
  2 dart slugs
  An orc (D:3)
  4 bats
  10 endoplasms
  2 giant cockroaches
  4 goblins
  5 hobgoblins
  3 jackals (D:3)
  4 kobolds
  4 quokkas
  6 ball pythons
  7 frilled lizards
  2 rats
63 creatures vanquished.

Vanquished Creatures (others)
  A human (D:3)
1 creature vanquished.

Grand Total: 64 creatures vanquished

Notes
Turn   | Place    | Note
-------+----------+-------------------------------------------
     0 | D:1      | croobank the Demonspawn Ice Elementalist began the quest
                  | for the Orb.
     0 | D:1      | Reached XP level 1. HP: 13/13 MP: 3/3
   129 | D:1      | You fall into a shaft and drop 1 floor!
   372 | D:2      | Gained mutation: You are partially covered in large bone
                  | plates. (SH +4) [demonic ancestry]
   372 | D:2      | Reached XP level 2. HP: 14/19 MP: 5/5
   515 | D:1      | Noticed a great orb of eyes
   516 | D:1      | Found a faded altar of an unknown god.
   519 | D:1      | Noticed an eye of devastation
   525 | D:1      | Noticed a floating eye
   537 | D:1      | Noticed an eye of devastation
   579 | D:1      | Prayed at the altar of an unknown god.
   579 | D:1      | Became a worshipper of Gozag Ym Sagoz the Greedy
   677 | D:1      | Gained mutation: Your demonic aura sometimes causes spilled
                  | blood to erupt in flames. [demonic ancestry]
   677 | D:1      | Reached XP level 3. HP: 24/24 MP: 4/6
   836 | D:1      | Found Wayt's Armour Shop.
   857 | D:1      | Found Miniepp's Assorted Antiques.
   862 | D:1      | Bought a scroll labelled BONAPA MYMERR for 23 gold pieces
   865 | D:1      | Found Ikicoluna's Weapon Shop.
  1276 | D:1      | Found Ynte's Book Boutique.
  1298 | D:1      | Found Hilang's Book Shoppe.
  1418 | D:1      | Learned a level 3 spell: Frozen Ramparts
  2355 | D:3      | Noticed Sigmund
  2407 | D:3      | Found a sacrificial altar of Ru.
  2412 | D:3      | Reached skill level 4 in Ice Magic
  2412 | D:3      | Gained mutation: You have large cloven feet. [demonic
                  | ancestry]
  2412 | D:3      | Reached XP level 4. HP: 25/31 MP: 1/7
  2590 | D:3      | Reached skill level 1 in Fighting
  2707 | D:3      | Found a runed translucent door.
  2912 | D:3      | Noticed Kurtz's ghost (weakling NaDe)
  3042 | D:3      | Found an ancient bone altar of Kikubaaqudgha.
  3043 | D:3      | Noticed a human
  3045 | D:3      | Killed a human
  3136 | D:3      | Learned a level 3 spell: Ozocubu's Armour
  3248 | D:3      | Found a sparkling altar of Nemelex Xobeh.
  3273 | D:3      | Found a stormy altar of Qazlal.
  3275 | D:3      | Found a blossoming altar of Fedhas.
  3352 | D:3      | Killed Kurtz's ghost
  3353 | D:3      | Gained mutation: Your demonic aura often causes spilled
                  | blood to erupt in flames. [demonic ancestry]
  3353 | D:3      | Reached XP level 5. HP: 23/37 MP: 6/9
  3444 | D:4      | Noticed Dowan
  3444 | D:4      | Noticed Duvessa
  3458 | D:4      | Succumbed to their own poison gas

Illustrated notes

Levels and vault maps discovered:
D:1:      heliophobic_arrival_glass_houses, layout_basic, serial_shops, shop,
          nicolae_shop_tiny_statue_garden, nicolae_shop_trees,
          nicolae_shop_real_fake_doors, shop,
          hellmonk_ecumenical_altar_watching_god, hex_tiny, patterned_corridor
D:2:      layout_loops_ring
D:3:      layout_rooms, tgw_kikubaaqudgha, nicolae_overflow_hidden_temple,
          hellmonk_ghost_happy_afterlife, uniq_sigmund
D:4:      layout_cave_pools, tso_altar, hex_large, minmay_misc_feat_cross,
          dk_rats_in_the_wall, uniq_blork_the_orc, uniq_duvessa

Skill      XL: |  1  2  3  4  5 |
---------------+----------------+-----
Dodging        | 2 |  2.9
Stealth        | 2 3 |  3.0
Ice Magic      | 4 |  4.2
Fighting       | 1 |  1.6
Spellcasting   | 3 |  3.0

Action                     |  1- 3 |  4- 6 || total
---------------------------+-------+-------++-------
  Melee: Dagger            |    35 |    22 ||    57
         Punch             |     1 |       ||     1
         Kick              |       |     3 ||     3
   Cast: Freeze            |    31 |    15 ||    46
         Frozen Ramparts   |     8 |    10 ||    18
         Ozocubu's Armour  |       |     1 ||     1
    Use: Scroll            |     3 |     4 ||     7
         Potion            |       |     4 ||     4
   Stab: Sleeping          |    12 |       ||    12
 Armour: Robe              |    22 |    26 ||    48
  Dodge: Dodged            |    29 |    18 ||    47
  Block: Other             |     7 |     8 ||    15

Table legend: (Time is in decaauts)
 A = Elapsed time spent in this place.
 B = Non-inter-level travel time spent in this place.
 C = Inter-level travel time spent in this place.
 D = Time resting spent in this place.
 E = Time spent auto-exploring this place.
 F = Levels seen in this place.
 G = Mean time per level.
                   A        B        C        D        E       F      G
               +--------+--------+--------+--------+--------+-----+--------+
         Total |   3456 |   3262 |    194 |    759 |   1826 |   4 |  864.0 |
       Dungeon |   3456 |   3262 |    194 |    759 |   1826 |   4 |  864.0 |
               +--------+--------+--------+--------+--------+-----+--------+

Top non-repeatable levels by time:
     D:2: 1284 daAuts
     D:1: 1159 daAuts
     D:3: 997 daAuts
     D:4: 15 daAuts
